 Dungeon Crawl Stone Soup version 0.19.3-1-g3169bf9 (webtiles) character file.

211 Messajah the Chopper (level 5, -2/46 HPs)
             Began as a Minotaur Fighter on Jan 25, 2017.
             Slain by a hippogriff (3 damage)
             ... on level 4 of the Dungeon.
             The game lasted 00:09:14 (2613 turns).

Messajah the Chopper (Minotaur Fighter)             Turns: 2613, Time: 00:09:15

Health: -2/46      AC:  8    Str: 20    XL:     5   Next: 57%
Magic:  4/4        EV:  9    Int:  5    God:
Gold:   137        SH:  0    Dex: 11    Spells: 0 memorised, 4 levels left

rFire  + . .     SeeInvis .     a - +0 war axe
rCold  . . .     Gourm    .     w - +1 scale mail {rF+}
rNeg   . . .     Faith    .     (no shield)
rPois  .         Spirit   .     (helmet restricted)
rElec  .         Reflect  .     (no cloak)
rCorr  .         Harm     .     (no gloves)
MR     +....                    (no boots)
Stlth  ..........               (no amulet)
                                m - ring of protection from magic
                                k - ring of wizardry

@: no status effects
A: retaliatory headbutt, horns 2
a: no special abilities


You were on level 4 of the Dungeon.
You were not hungry.

You visited 1 branch of the dungeon, and saw 4 of its levels.

You collected 137 gold pieces.

Inventory:

Hand Weapons
 a - a +0 war axe (weapon)
Missiles
 x - 8 tomahawks (quivered)
Armour
 v - a +0 chain mail
 w - a +1 scale mail of fire resistance (worn)
Jewellery
 k - a ring of wizardry (left hand)
 m - a ring of protection from magic (right hand)
Scrolls
 b - a scroll of enchant weapon {unknown}
 e - 4 scrolls of teleportation {unknown}
 i - 6 scrolls of identify {unknown}
 l - a scroll of fear {unknown}
 p - a scroll of remove curse {unknown}
 r - a scroll of amnesia {unknown}
 s - a scroll of immolation {unknown}
 t - a scroll of blinking {unknown}
Potions
 d - a potion of might
 g - 4 potions of curing {unknown}
 q - a potion of cancellation {unknown}
 u - a potion of brilliance {unknown}
Comestibles
 f - a bread ration
 h - 2 meat rations
 j - a royal jelly
 n - a beef jerky
 o - 5 fruits


   Skills:
 - Level 3.9 Fighting
 * Level 6.8 Axes
 - Level 3.7 Armour
   Level 3.7 Shields


You had 4 spell levels left.
You didn't know any spells.

Dungeon Overview and Level Annotations

Branches:
Dungeon (4/15)
 Temple: D:4-7

Altars:
Vehumet
The Shining One


Innate Abilities, Weirdness & Mutations

You reflexively headbutt those who attack you in melee.
You have a pair of horns on your head.


Message History

The hippogriff is heavily wounded.
The hippogriff bites you but does no damage.
The hippogriff pecks you but does no damage.
The hippogriff claws you.
* * * LOW HITPOINT WARNING * * *
You barely miss the hippogriff.
The hippogriff is heavily wounded.
The hippogriff bites you!
* * * LOW HITPOINT WARNING * * *
The hippogriff pecks you but does no damage.
The hippogriff claws you but does no damage.
You slash the hippogriff!
The hippogriff is severely wounded.
The hippogriff bites you but does no damage.
The hippogriff pecks you but does no damage.
The hippogriff claws you but does no damage.
The hippogriff bites you!
* * * LOW HITPOINT WARNING * * *
The hippogriff closely misses you. The hippogriff claws you.
You die...

#........######....#######.#
#. #.........##............#
#.##.###.###.##....#.###..##
......##.# #...............#
.........# ####.#.##.####.##
.###..#### #.#.##.# #.#
#..### #.#+##># #.# #....#
#......# ... ##.#.#
##.@H..## ... #.#.##
##.......#
.####....####.........#
............'.........+
%#####...####.........#
##.#.#.####......>##
##.##.##.####.....##
#.....###.# ##...##
##.#####.## #+##


You could see a hippogriff.

Vanquished Creatures
  A hound (D:4)
  An orc priest (D:4)
  An orc wizard (D:3)
  Terence (D:3)
  4 adders
  An ooze (D:3)
  A worm (D:2)
  2 dart slugs
  A leopard gecko (D:2)
  7 orcs
  2 giant cockroaches
  4 goblins
  5 hobgoblins
  2 jackals (D:2)
  2 kobolds (D:3)
  2 quokkas
  3 bats
  A frilled lizard (D:2)
  10 rats
51 creatures vanquished.

Notes
Turn   | Place    | Note
-------+----------+-------------------------------------------
     0 | D:1      | Messajah the Minotaur Fighter began the quest for the Orb.
     0 | D:1      | Reached XP level 1. HP: 19/19 MP: 0/0
   164 | D:1      | Reached XP level 2. HP: 24/27 MP: 1/1
   599 | D:2      | Reached skill level 3 in Axes
   686 | D:2      | Found a radiant altar of Vehumet.
   774 | D:2      | Reached XP level 3. HP: 30/33 MP: 2/2
   787 | D:2      | Reached skill level 4 in Axes
  1293 | D:3      | Reached XP level 4. HP: 40/40 MP: 3/3
  1301 | D:3      | Reached skill level 5 in Axes
  1657 | D:3      | Noticed Terence
  1674 | D:3      | Killed Terence
  1760 | D:3      | Reached XP level 5. HP: 46/46 MP: 4/4
  1760 | D:3      | Reached skill level 6 in Axes
  2148 | D:4      | Found a glowing golden altar of the Shining One.
  2429 | D:4      | Noticed a hippogriff
  2613 | D:4      | HP: 1/46 [hippogriff (7)]
  2613 | D:4      | Slain by a hippogriff

Skill      XL: |  1  2  3  4  5 |
---------------+----------------+-----
Axes           | 3 4 5 6 |  6.8
Fighting       | |  3.9
Armour         | |  3.7
Shields        | |  3.7

Action                   |  1- 3 |  4- 6 || total
-------------------------+-------+-------++-------
Melee: War axe           |    56 |    58 ||   114
       Headbutt          |    16 |     5 ||    21
  Eat: Chunk             |     1 |     4 ||     5
Armor: Scale mail        |    14 |    37 ||    51
       Chain mail        |       |     9 ||     9
Dodge: Dodged            |    21 |    22 ||    43
Block: Shield            |     8 |       ||     8
